 Dungeon Crawl Stone Soup version 0.31-a0-430-gf8416d752b (webtiles) character file.

Game seed: 567891767072022992

64 Ethylacetat the Insei (level 4, -9/29 HPs)
             Began as an Octopode Shapeshifter on July 31, 2023.
             Mangled by a gnoll
             ... wielding a +0 spear
              (10 damage)
             ... on level 2 of the Dungeon.
             The game lasted 00:01:25 (1104 turns).

Ethylacetat the Insei (Octopode Shapeshifter)       Turns: 1104, Time: 00:01:26

Health: -9/29      AC:  1    Str: 13 (14) XL:     4   Next: 12%
Magic:  13/13      EV: 13    Int:  9 (10) God:
Gold:   58         SH:  0    Dex: 11 (14) Spells: 3/3 levels left

rFire   . .          .
                       - Unarmed
rCold   . . .        (no shield)
rNeg    . . .        (helmet currently unavailable)
rPois   .            (no amulet)
rElec   .            f - ring of magical power
rCorr   .            (no ring)
SInv    .            (no ring)
Will    .....        (no ring)
Stlth   ++           (no ring)
HPRegen 0.24/turn    (no ring)
MPRegen 0.13/turn    (no ring)
                     (no ring)

%: no passive effects
@: beast-form
A: beast (slay +2), almost no armour, amphibious, 8 rings, camouflage 1,
gelatinous body 1, (nimble swimmer 1), tentacles
a: Begin Untransformation


You were on level 2 of the Dungeon.
You were a hulking beast.
You visited 1 branch of the dungeon, and saw 2 of its levels.

You collected 58 gold pieces.

Inventory:

Jewellery
 f - a ring of magical power (left tentacle)
Talismans
 b - a beast talisman (active)
Scrolls
 d - a scroll of fear {unknown}
 e - a scroll of noise {unknown}
 i - a scroll of immolation {unknown}
 j - a scroll of poison {unknown}
Potions
 a - a potion of lignification


   Skills:
 + Level 2.0 Fighting
 + Level 2.7 Dodging
 + Level 3.5 Unarmed Combat
 + Level 3.3 Shapeshifting


You had 3 spell levels left.
You didn't know any spells.
Your spell library contained the following spells:

 Spells                   Type           Power      Damage    Failure   Level
 Static Discharge         Conj/Air       0%         2-2/arc   52%         2
 Airstrike                Air            0%         2d(0-16)  99%         4
 Summon Lightning Spire   Summ/Air       0%         N/A       99%         4


Dungeon Overview and Level Annotations

Branches:
Dungeon (2/15)

Altars:

Shops:
D:1 :


Innate Abilities, Weirdness & Mutations

You are a hulking beast.
Your limbs bulge with bestial killing power. (Slay +2)
You cannot wear most types of armour.
You are amphibious.
You can wear up to eight rings at the same time.
Your skin changes colour to match your surroundings (Stealth+).
Your rubbery body absorbs attacks. (AC +1, EV +1)
((You are camouflaged when in or above water. (Stealth+)))
You have tentacles for arms and can constrict up to eight enemies at once.


Message History

a +0 halberd; a gnoll corpse You are too injured to fight recklessly!
You are too injured to fight recklessly!
It was a potion of heal wounds.
You feel much better. The gnoll misses you.
It was a potion of degeneration.
There was something very wrong with that liquid.
You feel weakened.
You feel dopey.
You feel clumsy.
A kobold comes into view. It is wielding a +0 dagger.
The gnoll hits you from afar with a +0 spear.
The gnoll hits you with a +0 club!
It was a potion of curing.
You feel better.
The gnoll hits you from afar with a +0 spear.
The gnoll barely misses you.
You tentacle-slap the gnoll. You grab the gnoll.
The gnoll is moderately wounded.
You constrict the gnoll, but do no damage.
The gnoll closely misses you. The gnoll hits you with a +0 club.
You tentacle-slap the gnoll. You squeeze the gnoll!
You kill the gnoll!
The gnoll closely misses you.
You bludgeon the gnoll! Your grab misses the gnoll. You squeeze the gnoll.
You kill the gnoll!
A hobgoblin comes into view.
The gnoll closely misses you.
Your Fighting skill increases to level 2!
You have reached level 4!
You miss the goblin.
The hobgoblin shouts!
Your grab misses the goblin.
You hear a shout!
The gnoll closely misses you. The goblin hits you with a +0 club.
You tentacle-slap the goblin.
You kill the goblin!
The gnoll hits you from afar with a +0 spear!
* * * LOW HITPOINT WARNING * * *
You feel your strength returning.
You completely miss the kobold. You grab the kobold. You squeeze the kobold.
You kill the kobold!
The gnoll hits you from afar with a +0 spear!
You die...

#.# #.# #.# #.#
.######.#
........########
.#.#####(......#
#...####.#
#.#.#h#
#.##.##)g.g...
#.# #.# ..#...#
#. #.. ..# .. #
#.. ... #.# .###
#. ##


You could see a gnoll and a hobgoblin.

Vanquished Creatures
  3 gnolls (D:2)
  5 ball pythons (D:1)
  An endoplasm (D:1)
  A giant cockroach (D:1)
  2 goblins
  3 hobgoblins (D:1)
  7 jackals (D:1)
  3 kobolds
  A quokka (D:1)
  A bat (D:1)
  4 frilled lizards (D:1)
  3 rats
34 creatures vanquished.

Notes
Turn   | Place    | Note
-------+----------+-------------------------------------------
     0 | D:1      | Ethylacetat the Octopode Shapeshifter began the quest for
                  | the Orb.
     0 | D:1      | Reached XP level 1. HP: 13/13 MP: 1/1
    77 | D:1      | Reached XP level 2. HP: 17/18 MP: 2/2
    89 | D:1      | Found Witaepp's Book Shop.
   493 | D:1      | Reached XP level 3. HP: 17/23 MP: 3/3
  1102 | D:2      | Reached XP level 4. HP: 12/29 MP: 4/4
  1103 | D:2      | HP: 1/29 [gnoll/+0 spear (9)]
  1104 | D:2      | Mangled by a gnoll

Illustrated notes

Levels and vault maps discovered:
D:1:      dpeg_cavernosity, layout_loops_ring, serial_shops,
          nicolae_shop_statue_plus, kennysheep_nondescript
D:2:      wander_river, layout_loops_cross, dreamdust_ecumenical_altar_grove,
          pf_guarded_unrand_woodcutter, uniq_robin

Skill      XL: |  1  2  3 |
---------------+----------+-----
Fighting       | 2 |  2.0
Dodging        | |  2.7
Unarmed Combat | |  3.5
Shapeshifting  | |  3.3

Action                     |  1- 3 |  4- 6 || total
---------------------------+-------+-------++-------
  Melee: Unarmed           |    49 |     3 ||    52
         Constrict         |    15 |     1 ||    16
         Tentacles         |    10 |     1 ||    11
         Punch             |     1 |       ||     1
    Use: Potion            |     3 |       ||     3
   Stab: Sleeping          |     6 |       ||     6
 Armour: Skin              |     3 |       ||     3
  Dodge: Dodged            |    26 |     1 ||    27

Table legend: (Time is in decaauts)
 A = Elapsed time spent in this place.
 B = Non-inter-level travel time spent in this place.
 C = Inter-level travel time spent in this place.
 D = Time resting spent in this place.
 E = Time spent auto-exploring this place.
 F = Levels seen in this place.
 G = Mean time per level.
                   A        B        C        D        E       F      G
               +--------+--------+--------+--------+--------+-----+--------+
         Total |   1100 |   1037 |     63 |      0 |    894 |   2 |  550.0 |
       Dungeon |   1100 |   1037 |     63 |      0 |    894 |   2 |  550.0 |
               +--------+--------+--------+--------+--------+-----+--------+

Top non-repeatable levels by time:
     D:1: 1031 daAuts
     D:2: 68 daAuts
